 Dungeon Crawl Stone Soup version 0.31-a0-354-g827e0957a7 (webtiles) character file.

Game seed: 13295679907036784396

575 Locuples the Chopper (level 7, 0/54 HPs)
             Began as a Demonspawn Berserker on July 24, 2023.
             Was a Believer of Trog.
             Slain by a gnoll
             ... wielding a +0 whip
             ... led by a gnoll bouda
              (3 damage)
             ... on level 4 of the Dungeon.
             The game lasted 00:07:22 (2980 turns).

Locuples the Chopper (Demonspawn Berserker)         Turns: 2980, Time: 00:07:23

Health: 0/54       AC: 16    Str: 17 (19) XL:     7   Next: 12%
Magic:  7/7        EV: 10    Int:  7 (9)  God:    Trog [**....]
Gold:   206        SH:  5    Dex: 10 (12) Spells: 6/6 levels left

rFire   . . .        g - +0 war axe
rCold   . . .        (no shield)
rNeg    . . .        o - +0 scale mail
rPois   .            (no helmet)
rElec   .            c - +0 cloak
rCorr   .            (no gloves)
SInv    .            (no boots)
Will    ++...        n - amulet of reflection Stlth
                     (no ring)
HPRegen 1.29/turn    (no ring)
MPRegen 0.10/turn

%: reflection
@: weakened, strong-willed, sanguine armoured, on berserk cooldown,
regenerating, slowed, very slow
A: hooves 1, sanguine armour 2
a: Renounce Religion, Berserk, Trog's Hand


You were on level 4 of the Dungeon.
You worshipped Trog.
Trog was pleased with you.
You visited 1 branch of the dungeon, and saw 4 of its levels.

You collected 206 gold pieces.

Inventory:

Hand Weapons
 g - a +0 war axe (weapon)
Missiles
 r - 2 throwing nets
Armour
 c - a +0 cloak (worn)
 o - a +0 scale mail (worn)
Jewellery
 n - an amulet of reflection (around neck)
Wands
 s - a wand of charming (9)
Scrolls
 b - 2 scrolls of teleportation {unknown}
 e - 2 scrolls of identify {unknown}
 h - 2 scrolls of enchant armour {unknown}
 k - 2 scrolls of summoning {unknown}
 l - a scroll of fog {unknown}
 m - a scroll of blinking {unknown}
 q - a scroll of revelation {unknown}
 u - a scroll of poison {unknown}
Potions
 a - a potion of curing {unknown}
 d - a potion of enlightenment {unknown}
 f - a potion of degeneration
 i - a potion of heal wounds {unknown}
 j - 2 potions of cancellation {unknown}
 p - a potion of resistance {unknown}
 t - a potion of invisibility {unknown}


   Skills:
 + Level 4.1 Fighting
 * Level 6.2 Axes
 + Level 2.6 Armour
 + Level 2.7 Dodging
 + Level 0.7 Shields


You had 6 spell levels left.
You didn't know any spells.
Your spell library was empty.

Dungeon Overview and Level Annotations

Branches:
Dungeon (4/15)
 Temple: D:4-7

Altars:
Makhleb
Nemelex Xobeh


Innate Abilities, Weirdness & Mutations

You have large cloven feet.
When seriously injured, your blood forms thick armour. (AC +9)


Message History

You barely miss the gnoll. x2; You slash the hobgoblin!
You kill the hobgoblin!
Trog accepts your kill.
You hit the gnoll.
Your attacks no longer feel as feeble.
The gnoll hits you but does no damage. You block the gnoll bouda's attack.
The gnoll barely misses you. The gnoll hits you but does no damage.
The gnoll barely misses you. The gnoll hits you with a +0 halberd.
The gnoll bouda calls upon its god to heal the gnoll.
The gnoll's wounds heal themselves!
The gnoll hits you but does no damage. You block the gnoll's attack.
The gnoll hits you from afar with a +0 spear!
* * * LOW HITPOINT WARNING * * *
The gnoll hits you but does no damage. The gnoll closely misses you.
The gnoll bouda calls upon its god to heal the gnoll.
The gnoll is healed somewhat.
The gnoll hits you but does no damage.
Your skin crawls.
You feel strong-willed.
The gnoll hits you but does no damage. x3; The gnoll hits you with a +0 flail.
* * * LOW HITPOINT WARNING * * *
The gnoll hits you but does no damage.
The gnoll bouda attacks as you move away!
The gnoll bouda hits you but does no damage.
You block the gnoll's attack. x2; The gnoll hits you but does no damage.
The gnoll hits you with a +0 whip.
* * * LOW HITPOINT WARNING * * *
The gnoll hits you from afar with a +0 halberd.
* * * LOW HITPOINT WARNING * * *
It was a potion of degeneration.
There was something very wrong with that liquid.
You feel weakened.
You feel dopey.
You feel clumsy. The gnoll hits you but does no damage.
The gnoll hits you with a +0 flail.
* * * LOW HITPOINT WARNING * * *
The gnoll closely misses you.
The gnoll bouda gazes fiercely through you!
You feel your attacks grow feeble.
The gnoll bouda hits you but does no damage.
The gnoll hits you with a +0 whip.
You die...

########### #.........#
######.gg......#
###########>....@.g......#
..........#.####gg.......#
......###.#.# ####...####
.#.....##.#.##### ##....
.#.##..##.......# ####
.#.##..##.......#
.#.##..##.......#......#
.#.##..##.......#.......
.#.##..##.......#......#


You could see a gnoll bouda and 4 gnolls.

Vanquished Creatures
  An ice beast (D:4)
  A scorpion (D:3)
  A hound (D:4)
  A gnoll bouda (D:4)
  Jessica (D:2)
  An iguana (D:4)
  2 orc wizards (D:3)
  13 gnolls (D:4)
  4 adders
  A worm (D:3)
  2 dart slugs
  6 orcs (D:3)
  9 bats
  5 endoplasms
  5 giant cockroaches
  7 goblins
  7 hobgoblins
  11 jackals
  A quokka (D:3)
  8 ball pythons
  A frilled lizard (D:3)
  4 kobolds
  7 rats
99 creatures vanquished.

Notes
Turn   | Place    | Note
-------+----------+-------------------------------------------
     0 | D:1      | Locuples the Demonspawn Berserker began the quest for the
                  | Orb.
     0 | D:1      | Reached XP level 1. HP: 18/18 MP: 1/1
   201 | D:1      | Reached skill level 3 in Axes
   207 | D:1      | Gained mutation: When seriously injured, your blood forms
                  | armour. (AC +9) [demonic ancestry]
   207 | D:1      | Reached XP level 2. HP: 24/24 MP: 2/2
   466 | D:1      | Gained mutation: You have large cloven feet. [demonic
                  | ancestry]
   466 | D:1      | Reached XP level 3. HP: 28/29 MP: 3/3
   467 | D:1      | Reached ** piety under Trog
   468 | D:1      | You fall into a shaft and drop 1 floor!
  1064 | D:2      | Reached XP level 4. HP: 34/35 MP: 4/4
  1092 | D:2      | Noticed Jessica
  1096 | D:2      | Killed Jessica
  1097 | D:2      | Reached skill level 4 in Axes
  1120 | D:2      | Found a sparkling altar of Nemelex Xobeh.
  1589 | D:3      | Reached XP level 5. HP: 42/42 MP: 5/5
  1653 | D:3      | Reached *** piety under Trog
  2194 | D:3      | Reached skill level 5 in Axes
  2248 | D:4      | HP: 2/42 [gnoll/+0 halberd (4)]
  2260 | D:4      | Gained mutation: When seriously injured, your blood forms
                  | thick armour. (AC +9) [demonic ancestry]
  2260 | D:4      | Reached XP level 6. HP: 12/48 MP: 6/6
  2596 | D:4      | Noticed an ice beast
  2614 | D:4      | Killed an ice beast
  2823 | D:4      | Found a burning altar of Makhleb.
  2833 | D:4      | Reached skill level 6 in Axes
  2868 | D:4      | Reached XP level 7. HP: 54/54 MP: 7/7
  2980 | D:4      | Slain by a gnoll

Illustrated notes

Levels and vault maps discovered:
D:1:      wheals_arrival_linesprint, layout_basic
D:2:      layout_loops_ring, basic_altar, uniq_jessica
D:3:      layout_loops_ring, hangedman_decor_growths
D:4:      layout_basic, makhleb_blood_cavern_becter

Skill      XL: |  1  2  3  4  5  6 |
---------------+-------------------+-----
Axes           | 3 4 5 6 |  6.2
Dodging        | 2 |  2.7
Armour         | 2 |  2.6
Fighting       | 4 |  4.1
Shields        | |  0.7

Action                     |  1- 3 |  4- 6 |  7- 9 || total
---------------------------+-------+-------+-------++-------
  Melee: Hand axe          |    88 |       |       ||    88
         Punch             |     1 |       |       ||     1
         War axe           |    27 |   160 |     8 ||   195
         Kick              |     6 |    39 |     2 ||    47
 Invoke: Trog's Hand       |     1 |     5 |     1 ||     7
         Berserk           |       |     4 |     1 ||     5
    Use: Potion            |       |       |     1 ||     1
 Armour: Animal skin       |    41 |       |       ||    41
         Leather armour    |     6 |    19 |       ||    25
         Scale mail        |       |    35 |    15 ||    50
  Dodge: Dodged            |   104 |    96 |    13 ||   213
  Block: Other             |       |    31 |     9 ||    40
         Reflection        |       |     1 |       ||     1

Table legend: (Time is in decaauts)
 A = Elapsed time spent in this place.
 B = Non-inter-level travel time spent in this place.
 C = Inter-level travel time spent in this place.
 D = Time resting spent in this place.
 E = Time spent auto-exploring this place.
 F = Levels seen in this place.
 G = Mean time per level.
                   A        B        C        D        E       F      G
               +--------+--------+--------+--------+--------+-----+--------+
         Total |   3078 |   3027 |     51 |    244 |   1888 |   4 |  769.5 |
       Dungeon |   3078 |   3027 |     51 |    244 |   1888 |   4 |  769.5 |
               +--------+--------+--------+--------+--------+-----+--------+

Top non-repeatable levels by time:
     D:3: 935 daAuts
     D:2: 870 daAuts
     D:4: 794 daAuts
     D:1: 479 daAuts
